 Dungeon Crawl Stone Soup version 0.29.1-1-gd02db6906a (webtiles) character file.

Game seed: 3571200930088954853

42744 raph the Brawler (level 13, -2/210 HPs)
             Began as a Troll Berserker on Oct 17, 2022.
             Was a High Priest of Trog.
             Slain by an eight-headed hydra (10 damage)
             ... on level 4 of the Lair of Beasts.
             The game lasted 00:22:27 (14921 turns).

raph the Brawler (Troll Berserker)                 Turns: 14921, Time: 00:22:28

Health: -2/210     AC:  9    Str: 28    XL:     13   Next: 87%
Magic:  12/12      EV: 18    Int:  3    God:    Trog [*****.]
Gold:   649        SH:  0    Dex: 13    Spells: 12/12 levels left

rFire   . . .      SeeInvis +   b - +0 demon whip (venom)
rCold   + + +      Faith    .   (no shield)
rNeg    . . .      Spirit   .   t - +4 skin of Zhor {*Englaciate rC+++ SInv}
rPois   .          Reflect  .   (helmet restricted)
rElec   .          Harm     .   k - +0 cloak
rCorr   .          Rampage  .   (gloves unavailable)
Will    ++...                   (boots unavailable)
Stlth   ..........              A - amulet of the acrobat
HPRegen 2.25/turn               j - +4 ring of evasion
MPRegen 0.13/turn               q - +4 ring of slaying

@: berserking, strong-willed, regenerating, studying Armour, very quick
A: large, unfitting armour, claws 3, regeneration 1, shaggy fur 1, tough skin 1
a: Renounce Religion, Berserk, Trog's Hand, Brothers in Arms


You were on level 4 of the Lair of Beasts.
You worshipped Trog.
Trog was extremely pleased with you.
You visited 2 branches of the dungeon, and saw 15 of its levels.

You collected 2249 gold pieces.
You spent 1600 gold pieces at shops.

Inventory:

Hand Weapons
 b - a +0 demon whip of venom (weapon)
 l - a +0 giant spiked club
 N - a +5 broad axe of flaming
Missiles
 c - 37 poisoned darts (quivered)
 x - 7 throwing nets
 z - 8 boomerangs
 G - 2 curare-tipped darts
 Q - 6 large rocks
 S - 4 silver javelins
Armour
 k - a +0 cloak (worn)
 n - +0 acid dragon scales
 t - the +4 skin of Zhor (worn) {*Englaciate rC+++ SInv}
   (You found it on level 7 of the Dungeon)

   It radiates cold, occasionally slowing all nearby creatures who are not
   resistant to cold.
   rC:        It renders you almost immune to cold.
   SInv:      It lets you see invisible.
Jewellery
 h - a ring of positive energy
 j - a +4 ring of evasion (left claw)
 p - a ring of ice
 q - a +4 ring of slaying (right claw)
 A - an amulet of the acrobat (around neck)
 E - a ring of see invisible
 F - an amulet of faith
 H - a +4 ring of slaying
Wands
 i - a wand of mindburst (9)
 o - a wand of roots (7)
 C - a wand of polymorph (5)
 K - a wand of charming (10)
 O - a wand of digging (6)
Scrolls
 f - 4 scrolls of enchant weapon
 g - 8 scrolls of teleportation
 r - 5 scrolls of fog
 s - 4 scrolls of blinking
 v - a scroll of brand weapon
 y - 3 scrolls of magic mapping
 B - 2 scrolls of fear
Potions
 d - 4 potions of flight
 e - 2 potions of lignification
 m - 4 potions of cancellation
 u - 2 potions of might
 w - 5 potions of heal wounds
 D - a potion of invisibility {unknown}
 I - a potion of haste
 J - a potion of mutation
 L - 6 potions of attraction
 M - a potion of berserk rage {unknown}
 P - 4 potions of curing
 R - 9 potions of ambrosia
Miscellaneous
 a - a box of beasts


   Skills:
 + Level 12.2 Fighting
 + Level 6.4 Throwing
 + Level 9.9 Dodging
 * Level 15.9 Unarmed Combat
 + Level 5.3 Evocations


You had 12 spell levels left.
You didn't know any spells.
Your spell library was empty.

Dungeon Overview and Level Annotations

Branches:
Dungeon (10/15)            Temple (0/1) D:4            Lair (5/5) D:10
 Shoals (0/4) Lair:3        Snake (0/4) Lair:2        Slime (0/5) Lair:4
    Orc (0/2) D:9

Altars:
Cheibriados
Dithmenos
Elyvilon
Gozag
Kikubaaqudgha
Makhleb
Okawaru
Vehumet
Xom
Zin
The Shining One
Jiyva

Shops:
D:1 =![=   D:3 [   D:4 *   D:7 (

Annotations:
D:3 2 transporters, diceflayer's ghost, amateur DsFi


Innate Abilities, Weirdness & Mutations

You are too large for most types of armour.
You have claws for hands.
Your natural rate of healing is unusually fast.
You are covered in fur. (AC +1)
You have tough skin. (AC +1)


Message History

The dream sheep resists.
You hit the eight-headed hydra.
The eight-headed hydra is lightly wounded.
The eight-headed hydra bites you. The eight-headed hydra bites you!
* * * LOW HITPOINT WARNING * * *
The eight-headed hydra bites you.
* * * LOW HITPOINT WARNING * * *
The eight-headed hydra bites you but does no damage. x2
The eight-headed hydra bites you.
* * * LOW HITPOINT WARNING * * *
The eight-headed hydra barely misses you.
The eight-headed hydra misses you.
A red film seems to cover your vision as you go berserk!
You feel yourself moving faster!
You feel mighty!
A nearby fungus withers and dies.
The dream sheep is no longer moving slowly.
The eight-headed hydra bites you!
* * * LOW HITPOINT WARNING * * *
The eight-headed hydra bites you!
* * * LOW HITPOINT WARNING * * *
The eight-headed hydra barely misses you.
The eight-headed hydra bites you.
* * * LOW HITPOINT WARNING * * *
The eight-headed hydra barely misses you.
The eight-headed hydra bites you!
* * * LOW HITPOINT WARNING * * *
The eight-headed hydra completely misses you.
The eight-headed hydra bites you.
* * * LOW HITPOINT WARNING * * *
You thrash the eight-headed hydra!!
The eight-headed hydra is moderately wounded.
The eight-headed hydra is no longer moving slowly.
The dream sheep bites you but does no damage.
You barely miss the eight-headed hydra. You claw the eight-headed hydra!!
The eight-headed hydra is severely wounded.
The eight-headed hydra misses you.
The eight-headed hydra closely misses you.
The eight-headed hydra bites you but does no damage.
The eight-headed hydra bites you!
You die...

##....##...............P.......
#......#.............#.........
#.....##...........#...........
##............P#.#.#.......##..
##....#.....#.##.......#.#.#..#
#..............#.........#.##.#
##....##...........#.......##..
#).....#......PY.........#....#
##..#.##......@D.........#....#
##..#..#....PP##.......#...##..
#.............#..#...#.#....#..
##....P#....#.##.#.......#....#
#P..#.........#....#...#....#.P
#.....#.....#............#..#..
##....#........#......).....#.#
#....##....#.##.#.P.....#....#
##..#.#.....#.#..#.#...........


You could see an eight-headed hydra and a dream sheep.

Vanquished Creatures
  2 hydras
  Harold (Lair:2)
  A boulder beetle (D:9)
  3 catoblepae (Lair:3)
  Erica (D:10)
  A two-headed ogre (D:10)
  2 centaur warriors (D:8)
  4 death yaks (Lair:1)
  Amaemon (D:10)
  Lodul (D:10)
  5 manticores
  8 elephants
  A black mamba (Lair:3)
  2 merfolk sirens (Lair:3)
  Maurice (D:10)
  Joseph (D:9)
  7 cane toads
  3 unseen horrors
  2 gargoyles
  6 rime drakes
  An orange demon (D:10)
  8 komodo dragons
  A kobold demonologist (D:8)
  A troll (D:8)
  A polar bear (Lair:3)
  A queen bee (Lair:3)
  9 dream sheep
  3 blink frogs (Lair:2)
  3 wraiths
  35 yaks
  2 shadows
  3 wyverns
  A golden eye (shapeshifter) (D:9)
  3 steam dragons
  Menkaure (D:6)
  4 acid dragons
  2 nagas (Lair:2)
  8 water moccasins
  A black bear (D:6)
  2 ice beasts
  13 ogres
  9 orc warriors
  4 sky beasts
  3 centaurs
  2 phantoms
  4 kobold brigands
  18 bullfrogs
  4 necrophages
  Blork the orc (D:6)
  2 gnoll sergeants (D:6)
  3 scorpions
  4 wights
  30 killer bees
  4 howler monkeys
  An electric eel (D:6)
  4 hounds
  A jelly (D:5)
  8 orc priests
  A gnoll bouda (D:7)
  Crazy Yiuf (D:3)
  7 hell rats (Lair:2)
  3 iguanas
  15 orc wizards
  9 gnolls
  11 adders
  3 shadow imps
  A white imp (D:7)
  2 worms (D:2)
  3 dart slugs
  49 orcs
  A ball python (D:1)
  13 endoplasms
  3 giant cockroaches
  10 goblins
  11 hobgoblins
  2 jackals (D:1)
  4 quokkas
  9 bats
  4 frilled lizards
  13 kobolds
  4 rats
437 creatures vanquished.

Vanquished Creatures (others)
  A black bear (D:7)
  A jelly (D:7)
  An orc wizard (D:7)
  19 fungi
  16 plants
38 creatures vanquished.

Grand Total: 475 creatures vanquished

Notes
Turn   | Place    | Note
-------+----------+-------------------------------------------
     0 | D:1      | raph the Troll Berserker began the quest for the Orb.
     0 | D:1      | Reached XP level 1. HP: 22/22 MP: 0/0
    84 | D:1      | Found Omamis's Armour Shop.
   214 | D:1      | Reached XP level 2. HP: 29/29 MP: 1/1
   223 | D:1      | Found a faded altar of an unknown god.
   309 | D:1      | Found Hevvosm's Distillery.
   484 | D:1      | Found Cetsyt's Jewellery Shop.
   585 | D:1      | Reached ** piety under Trog
   592 | D:1      | Reached XP level 3. HP: 36/36 MP: 2/2
   715 | D:1      | Found Jekh's Jewellery Emporium.
  1001 | D:2      | Reached skill level 4 in Unarmed Combat
  1231 | D:3      | Reached XP level 4. HP: 44/44 MP: 3/3
  1381 | D:3      | Found a shadowy altar of Dithmenos.
  1405 | D:3      | Found Gummiuf's Antique Armour Shoppe.
  1451 | D:3      | Reached XP level 5. HP: 53/53 MP: 4/4
  1518 | D:3      | Found a white marble altar of Elyvilon.
  1583 | D:3      | Identified 2 scrolls of acquirement
  1583 | D:3      | Acquired 835 gold pieces
  1648 | D:1      | Bought a +4 ring of evasion for 360 gold pieces
  1649 | D:1      | Acquired a manual of Fighting
  1878 | D:3      | Found a transporter.
  1915 | D:3      | Found a transporter.
  1917 | D:3      | Noticed diceflayer's ghost (amateur DsFi)
  2207 | D:3      | Found a runed translucent door.
  2208 | D:3      | Noticed Crazy Yiuf
  2217 | D:3      | Killed Crazy Yiuf
  2218 | D:3      | Reached skill level 5 in Unarmed Combat
  2310 | D:4      | Noticed an ogre
  2318 | D:4      | Killed an ogre
  2319 | D:4      | Reached XP level 6. HP: 52/62 MP: 5/5
  2355 | D:4      | Found a staircase to the Ecumenical Temple.
  2593 | D:4      | Reached skill level 6 in Unarmed Combat
  2593 | D:4      | Reached XP level 7. HP: 71/71 MP: 6/6
  2648 | D:4      | Reached *** piety under Trog
  2677 | D:4      | Found Neabujue's Assorted Antiques.
  2943 | D:4      | Reached skill level 5 in Fighting
  3014 | D:5      | Entered Level 5 of the Dungeon
  3303 | D:5      | Reached skill level 7 in Unarmed Combat
  3485 | D:5      | Reached XP level 8. HP: 81/81 MP: 7/7
  3873 | D:5      | Reached skill level 5 in Dodging
  3873 | D:5      | Reached skill level 8 in Unarmed Combat
  4022 | D:1      | Bought a +4 ring of slaying for 780 gold pieces
  4195 | D:6      | Reached **** piety under Trog
  4228 | D:6      | Noticed Menkaure
  4231 | D:6      | Killed Menkaure
  4323 | D:6      | Reached XP level 9. HP: 93/93 MP: 8/8
  4391 | D:6      | Reached skill level 9 in Unarmed Combat
  4685 | D:6      | Found an iron altar of Okawaru.
  4924 | D:6      | Noticed Blork the orc
  4929 | D:6      | Killed Blork the orc
  5618 | D:7      | Noticed a rime drake
  5623 | D:7      | Killed a rime drake
  5624 | D:7      | Reached skill level 10 in Unarmed Combat
  5624 | D:7      | Found the +4 skin of Zhor {*Englaciate rC+++ SInv}
  5625 | D:7      | Noticed a rime drake
  5626 | D:7      | Noticed a rime drake
  5636 | D:7      | Killed a rime drake
  5639 | D:7      | Killed a rime drake
  5860 | D:7      | Found an ancient bone altar of Kikubaaqudgha.
  5861 | D:7      | Found an opulent altar of Gozag.
  5919 | D:7      | Found Reeg's Weapon Shoppe.
  6085 | D:7      | Reached XP level 10. HP: 102/106 MP: 9/9
  6166 | D:7      | Found a shimmering altar of Xom.
  6646 | D:8      | Reached skill level 11 in Unarmed Combat
  7017 | D:8      | Found a burning altar of Makhleb.
  7080 | D:8      | Noticed a manticore
  7080 | D:8      | Found the +12 glaive of Prune {vorpal}
  7085 | D:8      | Killed a manticore
  7103 | D:8      | Identified the +6 great sword of Shame {vorpal, rPois rF-
                  | rN+++ Str+5}
  7105 | D:8      | Noticed a centaur warrior
  7106 | D:8      | Noticed a manticore
  7114 | D:8      | Killed a centaur warrior
  7115 | D:8      | Noticed a centaur warrior
  7122 | D:8      | Killed a manticore
  7123 | D:8      | Reached skill level 10 in Fighting
  7123 | D:8      | Reached skill level 12 in Unarmed Combat
  7131 | D:8      | Killed a centaur warrior
  7132 | D:8      | Reached XP level 11. HP: 41/118 MP: 10/10
  7573 | D:8      | Reached ***** piety under Trog
  7972 | D:9      | Noticed Joseph
  7982 | D:9      | Killed Joseph
  7983 | D:9      | Reached skill level 1 in Throwing
  8036 | D:9      | Found a staircase to the Orcish Mines.
  8111 | D:9      | Reached skill level 1 in Evocations
  8288 | D:9      | Reached skill level 13 in Unarmed Combat
  8363 | D:9      | Noticed a boulder beetle
  8380 | D:9      | Killed a boulder beetle
  8890 | D:1      | Bought an amulet of the acrobat for 420 gold pieces
  8925 | D:1      | Bought a potion of might for 40 gold pieces
  9171 | D:10     | Entered Level 10 of the Dungeon
  9291 | D:10     | Noticed Lodul
  9301 | D:10     | Noticed Erica
  9306 | D:10     | Killed Lodul
  9322 | D:10     | Killed Erica
  9377 | D:10     | Noticed Maurice
  9396 | D:10     | Killed Maurice
  9534 | D:10     | Noticed Amaemon
  9545 | D:10     | Killed Amaemon
  9546 | D:10     | Reached XP level 12. HP: 130/130 MP: 11/11
  9549 | D:10     | Found a staircase to the Lair.
  9693 | D:10     | Found a radiant altar of Vehumet.
  9785 | D:10     | Found a glowing silver altar of Zin.
  9793 | D:10     | Noticed a two-headed ogre
  9794 | D:10     | Found a glowing golden altar of the Shining One.
  9801 | D:10     | Killed a two-headed ogre
  9829 | D:10     | Found a snail-covered altar of Cheibriados.
 10092 | D:10     | Received a gift from Trog
 10093 | D:10     | Reached skill level 14 in Unarmed Combat
 10142 | Lair:1   | Entered Level 1 of the Lair of Beasts
 10168 | Lair:1   | Noticed a death yak
 10168 | Lair:1   | Noticed a death yak
 10169 | Lair:1   | Noticed a death yak
 10169 | Lair:1   | Noticed a death yak
 10176 | Lair:1   | Killed a death yak
 10181 | Lair:1   | Killed a death yak
 10186 | Lair:1   | Killed a death yak
 10192 | Lair:1   | Killed a death yak
 11154 | Lair:2   | Noticed Harold
 11165 | Lair:2   | Killed Harold
 11202 | Lair:2   | Noticed a seven-headed hydra
 11207 | Lair:2   | Killed a seven-headed hydra
 11259 | Lair:2   | Found a staircase to the Snake Pit.
 11575 | Lair:2   | Reached skill level 5 in Throwing
 11935 | Lair:2   | Reached XP level 13. HP: 136/139 MP: 12/12
 12300 | Lair:2   | Reached skill level 15 in Unarmed Combat
 12595 | Lair:3   | Found a staircase to the Shoals.
 13307 | Lair:3   | Reached skill level 5 in Evocations
 14001 | Lair:4   | Found a viscous altar of Jiyva.
 14319 | Lair:4   | Received a gift from Trog
 14591 | Lair:4   | Found a staircase to the Slime Pits.
 14867 | Lair:5   | Entered Level 5 of the Lair of Beasts
 14919 | Lair:4   | HP: 9/210 [eight-headed hydra (12)]
 14921 | Lair:4   | Slain by an eight-headed hydra

Illustrated notes

Levels and vault maps discovered:
D:1:      saegor_arrival_simple_d, layout_basic,
          ebering_ecumenical_altar_sacrificial, serial_shops,
          nicolae_shop_hallway_stairs, nicolae_shop_hallway_plus, shop,
          nicolae_shop_waterfront
D:2:      layout_rooms
D:3:      layout_basic, elyvilon_altar_5, overflow_temple_1_default,
          gammafunk_ghost_arena, serial_shops, shop, minmay_misc_feat_rugged,
          minivault_27, wander_ebering_terrifying_dragon_lair,
          uniq_crazy_yiuf_cottage
D:4:      layout_rooms, minmay_temple_entry_waves, serial_shops,
          nicolae_shop_overgrown_old_shop, sigmund_army
D:5:      layout_gridville, nicolae_fountain_basement
D:6:      layout_loops_ring, mainiacjoe_overflow_24_doors, dk_noncrumbling_3,
          st_stairs_11, minivault_14, minmay_circle_x, uniq_menkaure,
          uniq_blork_the_orc
D:7:      layout_loops_ring, xom_confusion_cloud,
          chequers_temple_overflow_statue_of_worship, serial_shops, shop,
          hangedman_abyss_or_decor_lesser_grid, hellmonk_guarded_unrand_zhor
D:8:      minmay_the_grid_octo_tiled_octocenter [minmay_the_grid_octo_chip,
          minmay_the_grid_octo_odd_swirl, minmay_the_grid_octo_77,
          minmay_the_grid_octo_fat_diamond,
          minmay_the_grid_octo_prize_single_spiral,
          minmay_the_grid_square_5x5_hourglass,
          minmay_the_grid_square_5x5_slash,
          minmay_the_grid_square_5x5_two_walls_a,
          minmay_the_grid_square_5x5_gyroscope], layout_basic,
          mainiacjoe_overflow_catwalk
D:9:      layout_roguey, david_orc_2, minmay_fractal_squares_gapless_7,
          uniq_joseph
D:10:     layout_gridville, zin_academy, kennysheep_mini, jmf_multi_god_temple,
          lair_entry_dummy, kennysheep_generic_room_10, uniq_amaemon,
          uniq_lodul, uniq_erica, uniq_maurice
Lair:1:   layout_small_grid, infiniplex_staircase_pool_2
Lair:2:   layout_cave_pods, guppyfry_snake_entry_island, serial_rivers,
          chequers_serial_rivers_micro_d, chequers_serial_rivers_small_a,
          chequers_serial_rivers_room_a, chequers_serial_rivers_micro_c,
          chequers_serial_rivers_room_b, chequers_serial_rivers_small_3,
          uniq_harold
Lair:3:   nzn_motion_control, layout_loops_ring, elwin_shoals_entry_rooms,
          special_room [special_room_bee]
Lair:4:   layout_long_grid, slime_entry_1, wad_woods_03
Lair:5:   wormcave, layout_long_grid, hangedman_lair_caniforms_friends,
          chequers_serial_rivers_small_b, grunt_megastairs_2

Skill      XL: |  1  2  3  4  5  6  7  8  9 10 11 12 13 |
---------------+----------------------------------------+-----
Unarmed Combat | 4 5 6 7 8 10 12 13 14 15 | 15.9
Dodging        | 3 4 5 6 7 8 9 |  9.9
Fighting       | 3 4 5 7 8 10 11 12 | 12.2
Throwing       | 3 5 6 |  6.4
Evocations     | 2 4 5 |  5.3

Action                   |  1- 3 |  4- 6 |  7- 9 | 10-12 | 13-15 || total
-------------------------+-------+-------+-------+-------+-------++-------
Melee: Unarmed           |   123 |   121 |   202 |   458 |   242 ||  1146
       Punch             |     1 |     4 |    10 |    37 |    25 ||    77
       Demon whip        |       |       |       |       |     9 ||     9
Throw: Dart              |       |       |       |    16 |     7 ||    23
       Large rock        |       |       |       |     7 |       ||     7
Invok: Berserk           |     2 |     5 |     7 |     7 |     3 ||    24
       Trog's Hand       |       |       |       |     5 |     2 ||     7
       Brothers in Arms  |       |       |       |     1 |       ||     1
  Use: Scroll            |     3 |     6 |    10 |     8 |       ||    27
 Stab: Sleeping          |     1 |     1 |     1 |       |       ||     3
       Distracted        |       |       |       |     2 |       ||     2
Armor: Animal skin       |    58 |    21 |    19 |    65 |    74 ||   237
       Acid dragon scale |       |       |    30 |       |       ||    30
Dodge: Dodged            |    64 |    77 |   146 |   319 |   210 ||   816
